 Dungeon Crawl Stone Soup version 0.31-a0-986-g5e6e4ef867 (webtiles) character file.

Game seed: 12113598452445418338

2149 dialectric the Trooper (level 9, -16/72 HPs)
             Began as a Demonspawn Wanderer on Nov 6, 2023.
             Was a Believer of Cheibriados.
             Demolished by a two-headed ogre
             ... wielding a +2 dire flail of holy wrath
              (24 damage)
             ... on level 7 of the Dungeon.
             The game lasted 00:12:34 (7114 turns).

dialectric the Trooper (Demonspawn Wanderer)        Turns: 7114, Time: 00:12:35

Health: -16/72     AC: 12    Str: 19    XL:     9   Next: 9%
Magic:  0/10       EV: 11    Int: 21    God:    Cheibriados [**....]
Gold:   552        SH:  0    Dex: 21    Spells: 8/10 levels left

rFire   . . .        i - +0 short sword (venom)
rCold   . . .        (no shield)
rNeg    . . .        d - +2 scale mail
rPois   .            (helmet restricted)
rElec   .            (no cloak)
rCorr   .            (no gloves)
SInv    .            v - +0 pair of boots
Will    +....        (no amulet)
Stlth   +            l - ring of willpower
HPRegen 0.32/turn    (no ring)
MPRegen 0.24/turn

%: guardian spirit
@: very slow
A: antennae 1, icy blue scales 2, powered by death 2, magic shield, magic
regeneration
a: Renounce Religion, Bend Time


You were on level 7 of the Dungeon.
You worshipped Cheibriados.
Cheibriados was pleased with you.
You visited 2 branches of the dungeon, and saw 8 of its levels.
You also visited: Sewer.

You collected 552 gold pieces.

Inventory:

Hand Weapons
 a - a +0 dagger
 e - a +2 dagger of freezing
 g - a +2 whip of venom
 i - a +0 short sword of venom (weapon)
 E - the +10 flail of Propriety {flame, Dex+4}
   (You found it on level 6 of the Dungeon)

   Dex+4:     It affects your dexterity (+4).
Missiles
 w - 5 throwing nets
 y - 23 poisoned darts
Armour
 d - a +2 scale mail (worn)
 o - a +2 helmet
 v - a +0 pair of boots (worn)
 F - a +1 leather armour of cold resistance
Magical Staves
 x - a staff of air
Jewellery
 l - a ring of willpower (left hand)
 D - an amulet of guardian spirit
Talismans
 C - a serpent talisman
Wands
 n - a wand of flame (18)
 B - a wand of digging (2)
Scrolls
 b - 4 scrolls of teleportation
 c - 2 scrolls of fog
 f - 4 scrolls of identify {unknown}
 p - a scroll of enchant armour {unknown}
 r - a scroll of vulnerability {unknown}
 s - a scroll of immolation {unknown}
 A - a scroll of enchant weapon {unknown}
Potions
 h - a potion of might
 j - a potion of curing
 k - a potion of magic {unknown}
 m - a potion of resistance {unknown}
 t - 4 potions of heal wounds
 u - a potion of mutation {unknown}
 z - a potion of cancellation {unknown}


   Skills:
 - Level 7.1 Fighting
 - Level 6.8 Short Blades
 + Level 3.0 Armour
 + Level 3.1 Dodging
 - Level 1.0 Stealth
 + Level 1.2 Spellcasting
 * Level 0.9 Air Magic
 - Level 4.1 Poison Magic
 + Level 2.8 Evocations


You had 8 spell levels left.
You knew the following spells:

 Your Spells              Type           Power      Damage    Failure   Level
a - Poisonous Vapours     Pois/Air       24%        N/A       26%         2

Your spell library contained the following spells:

 Spells                   Type           Power      Damage    Failure   Level
 Cigotuvi's Dreadful Rot  Necr/Pois/Air  16%        N/A       34%         2
 Ensorcelled Hibernation  Hex/Ice        2%         N/A       58%         2
 Jinxbite                 Hex            2%         N/A       58%         2
 Anguish                  Hex/Necr       0%         N/A       99%         4


Dungeon Overview and Level Annotations

Branches:
Dungeon (7/15)             Temple (1/1) D:5           Sewer (visited)

Altars:
Ashenzari
Cheibriados
Dithmenos
Fedhas
Gozag
Hepliaklqana
Kikubaaqudgha
Makhleb
Okawaru
Qazlal
Ru
Sif Muna
Trog
Uskayaw
Vehumet
Wu Jian
Xom
Yredelemnul

Shops:
D:6 =(


Innate Abilities, Weirdness & Mutations

You have a pair of small antennae on your head.
You are mostly covered in icy blue scales. (AC +3)
You regenerate health from kills.
When hurt, damage is shared between your health and your magic reserves.
You regenerate magic rapidly.


Message History

Press: ? - help, Shift-Dir - straight line, f - two-headed ogre
Aim: a two-headed ogre, wielding a +2 dire flail of holy wrath and a +0 giant spiked club (lightly wounded, 86% to hit)
The bolt of dispelling energy hits the two-headed ogre!!
The two-headed ogre is heavily wounded.
Unknown command.
Unknown command.
Aiming: Quicksilver Bolt
Press: ? - help, Shift-Dir - straight line, f/p - two-headed ogre
Aim: a two-headed ogre, wielding a +2 dire flail of holy wrath and a +0 giant spiked club (heavily wounded, 86% to hit)
The bolt of dispelling energy hits the two-headed ogre!
The two-headed ogre is severely wounded.
The two-headed ogre hits you with a +2 dire flail of holy wrath!!
You convulse!
The two-headed ogre hits you with a +0 giant spiked club.
Unknown command.
Aiming: Quicksilver Bolt
Press: ? - help, Shift-Dir - straight line, f/p - two-headed ogre
Aim: a two-headed ogre, wielding a +2 dire flail of holy wrath and a +0 giant spiked club (severely wounded, 86% to hit)
The bolt of dispelling energy misses the two-headed ogre.
The now-empty wand crumbles to dust.
The two-headed ogre hits you but does no damage.
The two-headed ogre hits you with a +0 giant spiked club!
* * * LOW HITPOINT WARNING * * *
Unknown command.
Unknown command.
A two-headed ogre is nearby!
Okay, then.
Unknown command.
Okay, then.
It was a potion of heal wounds.
You feel much better.
Unknown command.
You hit the two-headed ogre but do no damage.
The two-headed ogre is poisoned.
The two-headed ogre is severely wounded.
The two-headed ogre hits you with a +2 dire flail of holy wrath!
* * * LOW HITPOINT WARNING * * *
You convulse.
* * * LOW HITPOINT WARNING * * *
The two-headed ogre hits you with a +0 giant spiked club!!
You die...

#..<# ###.#
### #.... #.#
####.### #.#.#
#....# # #.
#.# #.##.### #
##.
#.###.##....
###.#.##
##.......#..
#!...O@##
##.###.##.#..
#.#.###.###.##
#.##.#.. #
##.#.##
#....... ##.##
####..## ###
.... { .#.## .
.# ....


You could see a two-headed ogre (very poisoned).

Vanquished Creatures
  Pikel (D:4)
  Menkaure (D:4)
  A black bear (D:6)
  A sky beast (D:7)
  A centaur (D:5)
  3 kobold brigands (Sewer)
  3 scorpions
  2 howler monkeys (D:7)
  3 hounds
  5 jellies
  An orc priest (D:5)
  Natasha (twice) (D:2)
  A sleepcap (D:4)
  2 iguanas
  3 orc wizards
  Robin (D:2)
  13 adders
  8 gnolls
  6 river rats (Sewer)
  3 worms
  11 orcs
  8 bats
  6 endoplasms
  8 giant cockroaches
  16 goblins
  9 hobgoblins
  6 jackals
  19 kobolds
  5 quokkas
  14 ball pythons
  5 frilled lizards
  18 rats
186 creatures vanquished.

Notes
Turn   | Place    | Note
-------+----------+-------------------------------------------
     0 | D:1      | dialectric the Demonspawn Wanderer began the quest for the
                  | Orb.
     0 | D:1      | dialectric set off with the following items: a +0 dagger, a
                  | scroll of teleportation, a scroll of fog, a +2 scale mail;
                  | and the following spells available to memorise: Poisonous
                  | Vapours, Cigotuvi's Dreadful Rot.
     0 | D:1      | Reached XP level 1. HP: 15/15 MP: 2/2
   310 | D:1      | Gained mutation: You are partially covered in icy blue
                  | scales. (AC +2) [demonic ancestry]
   310 | D:1      | Reached XP level 2. HP: 18/21 MP: 3/3
  1097 | D:2      | Gained mutation: You regenerate a little health from kills.
                  | [demonic ancestry]
  1097 | D:2      | Reached XP level 3. HP: 26/26 MP: 4/4
  1578 | D:2      | Noticed Natasha
  1586 | D:2      | Killed Natasha
  1587 | D:2      | Reached XP level 4. HP: 8/32 MP: 5/5
  1727 | D:2      | Identified the +2 spear of Ytipse {drain, rC++ Str-3}
  1756 | D:2      | Noticed Robin
  1805 | D:2      | Reached skill level 1 in Short Blades
  1819 | D:2      | Noticed Natasha
  2154 | D:2      | Killed Robin
  2235 | D:2      | Killed Natasha
  2524 | D:3      | Gained mutation: You regenerate magic rapidly. [demonic
                  | ancestry]
  2524 | D:3      | Reached XP level 5. HP: 36/37 MP: 6/6
  2872 | D:3      | Found a faded altar of an unknown god.
  3213 | D:3      | Gained mutation: You regenerate health from kills. [demonic
                  | ancestry]
  3213 | D:3      | Reached XP level 6. HP: 44/44 MP: 7/7
  3586 | D:3      | Reached skill level 2 in Fighting
  3915 | D:4      | Reached skill level 3 in Fighting
  3969 | D:4      | Noticed Menkaure
  4043 | D:4      | Killed Menkaure
  4044 | D:4      | Gained mutation: You are mostly covered in icy blue scales.
                  | (AC +3) [demonic ancestry]
  4044 | D:4      | Reached XP level 7. HP: 29/52 MP: 8/8
  4159 | D:4      | Noticed Pikel
  4178 | D:5      | Entered Level 5 of the Dungeon
  4188 | D:5      | Found a staircase to the Ecumenical Temple.
  4304 | D:5      | Reached skill level 4 in Fighting
  4351 | Temple   | Entered the Ecumenical Temple
  4357 | Temple   | Became a worshipper of Cheibriados the Contemplative
  4404 | D:4      | HP: 2/54 [Pikel/+0 whip of freezing (2)]
  4405 | D:4      | Killed Pikel
  4406 | D:4      | Reached skill level 5 in Fighting
  4406 | D:4      | Reached skill level 5 in Short Blades
  4406 | D:4      | Gained mutation: When hurt, damage is shared between your
                  | health and your magic reserves. [demonic ancestry]
  4406 | D:4      | Reached XP level 8. HP: 2/62 MP: 9/9
  4901 | D:5      | Reached skill level 1 in Stealth
  4990 | D:5      | Learned a level 2 spell: Poisonous Vapours
  5681 | D:6      | Found Ugeitan's Weapon Boutique.
  5908 | D:6      | Reached skill level 6 in Fighting
  5917 | D:6      | Reached * piety under Cheibriados
  5923 | D:6      | Found a glowing drain.
  5948 | Sewer    | Entered a sewer
  6154 | Sewer    | Reached ** piety under Cheibriados
  6577 | D:6      | Found Zueqihao's Jewellery Shoppe.
  6891 | D:6      | Identified the +10 flail of Propriety {flame, Dex+4}
  6986 | D:7      | Gained mutation: You have a pair of small antennae on your
                  | head. [demonic ancestry]
  6986 | D:7      | Reached XP level 9. HP: 62/71 MP: 8/10
  7020 | D:7      | Reached skill level 7 in Fighting
  7105 | D:7      | Noticed a two-headed ogre
  7114 | D:7      | Demolished by a two-headed ogre

Illustrated notes

Levels and vault maps discovered:
D:1:      dpeg_arrival_fog, layout_basic, serial_park_tiny_1
D:2:      kennysheep_six_static_rooms, layout_loops_corners, st_stairs_8,
          uniq_natasha, uniq_robin
D:3:      layout_loops_corners, ebering_ecumenical_altar_petrified,
          dreamdust_wishing_well
D:4:      layout_cave_pools, minmay_statues_item, uniq_menkaure, uniq_pikel
D:5:      layout_rooms, minmay_temple_entry_trees
D:6:      layout_basic, portal_sewer_entry_f, serial_shops, shop,
          nicolae_stop_n_shop_1
D:7:      layout_loops_cross, nicolae_tso_carved_into_rock
Temple:   nicolae_temple_bog_church

Skill      XL: |  1  2  3  4  5  6  7  8  9 |
---------------+----------------------------+-----
Armour         | 3 |  3.0
Dodging        | 2 3 |  3.1
Short Blades   | 1 2 3 5 6 |  6.8
Fighting       | 3 5 6 7 |  7.1
Evocations     | 2 |  2.8
Stealth        | 1 |  1.0
Poison Magic   | 4 |  4.1
Spellcasting   | |  1.2
Air Magic      | |  0.9

Action                     |  1- 3 |  4- 6 |  7- 9 || total
---------------------------+-------+-------+-------++-------
  Melee: Dagger            |   108 |   296 |   519 ||   923
         Punch             |       |     3 |     8 ||    11
         Short sword       |       |       |    18 ||    18
  Evoke: Wand              |       |    12 |     6 ||    18
    Use: Potion            |       |     1 |     4 ||     5
         Scroll            |       |     1 |       ||     1
 Armour: Scale mail        |    80 |   240 |   404 ||   724
  Dodge: Dodged            |    44 |   180 |   297 ||   521

Table legend: (Time is in decaauts)
 A = Elapsed time spent in this place.
 B = Non-inter-level travel time spent in this place.
 C = Inter-level travel time spent in this place.
 D = Time resting spent in this place.
 E = Time spent auto-exploring this place.
 F = Levels seen in this place.
 G = Mean time per level.
                   A        B        C        D        E       F      G
               +--------+--------+--------+--------+--------+-----+--------+
         Total |   7584 |   7434 |    150 |     62 |   5401 |   9 |  842.7 |
       Dungeon |   6835 |   6692 |    143 |     62 |   5003 |   7 |  976.4 |
        Temple |     14 |      7 |      7 |      0 |      0 |   1 |   14.0 |
         Sewer |    733 |    733 |      0 |      0 |    398 |   1 |  733.0 |
               +--------+--------+--------+--------+--------+-----+--------+

Top non-repeatable levels by time:
     D:2: 1362 daAuts
     D:3: 1198 daAuts
     D:1: 1124 daAuts
     D:5: 1070 daAuts
     D:4: 1009 daAuts
     D:6: 806 daAuts
   Sewer: 733 daAuts
     D:7: 263 daAuts
  Temple: 14 daAuts
